 Dungeon Crawl Stone Soup version 0.15.1-2-g8fbdab7 (webtiles) character file.

168 Johnny the Chiller (level 5, -2/41 HPs)
             Began as a Demigod Ice Elementalist on Oct 1, 2014.
             Slain by a gnoll
             ... wielding a +0 club
              (3 damage)
             ... on Level 4 of the Dungeon.
             The game lasted 00:05:10 (2883 turns).

Johnny the Chiller (Demigod Ice Elementalist)       Turns: 2883, Time: 00:05:10

HP  -2/41        AC  5     Str 11      XL: 5   Next:  3%
MP  12/12        EV  9     Int 20      God:
Gold 107         SH  0     Dex 18      Spells:  2 memorised,  4 levels left

rFire  . . .     SeeInvis .     l - +3 hand axe (freeze)
rCold  . . .     Clarity  .     h - +0 ring mail (curse)
rNeg   . . .     rCorr    .     (no shield)
rPois  .         rRot     .     (no helmet)
rElec  .         Spirit   .     (no cloak)
SustAb .         Warding  .     (no gloves)
rMut   .         Stasis   .     (no boots)
Gourm  .                        (no amulet)
MR     .....                    (no ring)
                                (no ring)

@: not resistant to hostile enchantments, unstealthy
A: no striking features
a: no special abilities


You were on level 4 of the Dungeon.
You were hungry.

You visited 1 branch of the dungeon, and saw 4 of its levels.

You collected 107 gold pieces.

Inventory:

Hand weapons
 d - a +0 club
 l - a +3 hand axe of freezing (weapon)
 q - a +2 dagger of venom
 x - a +1 dagger of speed
Armour
 h - a cursed +0 ring mail (worn)
Magical devices
 o - a wand of confusion (6)
 u - a wand of random effects (10)
Comestibles
 c - 9 fruits
 n - a meat ration
 s - a slice of pizza
Scrolls
 e - 2 scrolls of identify
 f - 5 scrolls of remove curse
 g - a scroll of magic mapping {unknown}
 m - a scroll of amnesia {unknown}
 p - a scroll of enchant weapon {unknown}
 t - a scroll of immolation {unknown}
 w - 2 scrolls of fear {unknown}
 y - a scroll of teleportation {unknown}
Jewellery
 i - a +4 ring of dexterity {unknown}
 k - an uncursed ring of wizardry {unknown}
Potions
 a - a potion of porridge
 r - a potion of heal wounds {unknown}
 v - a potion of magic {unknown}
Books
 b - a book of Frost

   Spells                             Type                      Level
   *Freeze                            Ice                          1
   Throw Frost                        Conjuration/Ice              2
   Ozocubu's Armour                   Charms/Ice                   3
   Throw Icicle                       Conjuration/Ice              4
   *Summon Ice Beast                  Ice/Summoning                4
   Condensation Shield                Ice                          4


   Skills:
 * Level 1.9 Fighting
 + Level 0.6 Armour
 * Level 2.6 Dodging
 + Level 2.5 Stealth
 * Level 2.5 Spellcasting
   Level 0.8 Conjurations
 * Level 0.3 Summonings
 * Level 3.2 Ice Magic
 + Level 0.4 Evocations


You had 4 spell levels left.
You knew the following spells:

 Your Spells              Type           Power        Failure   Level  Hunger
a - Freeze                Ice            ###.         10%         1    None
b - Summon Ice Beast      Ice/Summ       #.......     96%         4    ####...


Dungeon Overview and Level Annotations

Branches:
Dungeon (4/15)
 Temple: D:4-7


Message History

The bat closely misses you. The gnoll hits you but does no damage.
The bat hits you but does no damage.
The gnoll hits you from afar with a spear.
* * * LOW HITPOINT WARNING * * *
There is a burning altar of Makhleb, spattered with blood here.
Unknown command.
The bat barely misses you. The bat misses you.
There is a glowing silver altar of Zin here.
The bat hits you but does no damage.
Read which item? (? for menu, Esc to quit)
As you read the scroll labeled XICSEK ITIT, it crumbles to dust.
It is a scroll of identify.
Identify which item? (\ to view known items) (? for menu, Esc to quit)
f - 5 scrolls of remove curse The bat hits you but does no damage.
The gnoll hits you from afar with a spear.
* * * LOW HITPOINT WARNING * * *
The gnoll hits you with a club.
You die...

########
###......#
#..@)....##
##.gb.._...#
#...g.(....#
#._..8.....#
#....O.....#
##..$.._...#
#..._.....#
#g........#
#.........#


You could see an ogre (confused), 3 gnolls and a bat.

Vanquished Creatures
  The ghost of heinrich the Sneak, a weakling SpEn (D:3)
  Ijyb (D:3)
  A gnoll (D:3)
  3 adders (D:2)
  A giant mite (D:1)
  3 oozes
  2 orcs (D:3)
  2 giant cockroaches
  12 goblins
  8 hobgoblins
  17 jackals
  3 bats (D:3)
  4 giant newts
  4 kobolds
  4 rats
66 creatures vanquished.

Notes
Turn   | Place    | Note
--------------------------------------------------------------
     0 | D:1      | Johnny, the Demigod Ice Elementalist, began the quest for the Orb.
     0 | D:1      | Reached XP level 1. HP: 14/14 MP: 3/3
   755 | D:1      | Reached XP level 2. HP: 17/22 MP: 1/4
   911 | D:2      | Found a sparkling altar of Nemelex Xobeh.
   923 | D:2      | HP: 1/22 [poisoned by an adder]
   929 | D:2      | HP: 1/22 [poisoned by an adder]
  1435 | D:2      | Reached XP level 3. HP: 22/27 MP: 8/8
  1442 | D:2      | Reached skill level 1 in Fighting
  1689 | D:2      | Reached skill level 3 in Ice Magic
  1996 | D:3      | Noticed heinrich's ghost (weakling SpEn)
  2119 | D:3      | Killed heinrich's ghost
  2119 | D:3      | Reached XP level 4. HP: 29/36 MP: 2/11
  2148 | D:3      | Learned a level 4 spell: Summon Ice Beast
  2207 | D:3      | Found a glowing golden altar of the Shining One.
  2384 | D:3      | Noticed Ijyb
  2393 | D:3      | Killed Ijyb
  2775 | D:3      | Reached XP level 5. HP: 18/41 MP: 12/12
  2863 | D:4      | Found a radiant altar of Vehumet.
  2863 | D:4      | Found a bloodstained altar of Trog.
  2865 | D:4      | Noticed an ogre
  2866 | D:4      | Found a burning altar of Makhleb.
  2866 | D:4      | Found a shimmering altar of Xom.
  2868 | D:4      | Found a glowing silver altar of Zin.
  2883 | D:4      | HP: 1/41 [gnoll/spear (3)]
  2883 | D:4      | Slain by a gnoll

Action                   |  1- 3 |  4- 6 || total
-------------------------+-------+-------++-------
Melee: Club              |    67 |       ||    67
       Unarmed           |     8 |       ||     8
       Hand axe          |     8 |    61 ||    69
 Cast: Freeze            |    38 |     1 ||    39
Evoke: Wand              |       |     6 ||     6
  Use: Potion            |     2 |     2 ||     4
       Scroll            |       |     1 ||     1
 Stab: Sleeping          |     2 |     2 ||     4
  Eat: Bread ration      |     1 |       ||     1
       Chunk             |       |     2 ||     2
